 Dungeon Crawl Stone Soup version 0.24-a0-584-g9d6b971 (webtiles) character file.

Game seed: 18084906084997846734, levelgen mode: deterministic

172 Dirofilaria the Poker (level 5, -2/41 HPs)
             Began as a Merfolk Gladiator on Sept 6, 2019.
             Killed by divine providence
             ... invoked by an orc priest
              (11 damage)
             ... on level 3 of the Dungeon.
             The game lasted 00:04:05 (2506 turns).

Dirofilaria the Poker (Merfolk Gladiator)           Turns: 2506, Time: 00:04:06

Health: -2/41      AC:  7    Str: 16    XL:     5   Next: 52%
Magic:  5/5        EV: 14    Int:  7    God:
Gold:   123        SH:  0    Dex: 15    Spells: 4/4 levels left

rFire    . . .     SeeInvis .   a - +1 trident
rCold    . . .     Gourm    .   (no shield)
rNeg     . . .     Faith    .   b - +0 leather armour
rPois    .         Spirit   .   c - +0 helmet
rElec    .         Reflect  .   j - +2 cloak
rCorr    .         Harm     .   (no gloves)
MR       .....                  (no boots)
Stlth    +.........             (no amulet)
HPRegen  0.13/turn              (no ring)
MPRegen  0.09/turn              (no ring)

@: no status effects
A: change form in water, swift swim, stealthy swim
a: no special abilities


You were on level 3 of the Dungeon.
You were not hungry.

You visited 1 branch of the dungeon, and saw 3 of its levels.

You collected 123 gold pieces.

Inventory:

Hand Weapons
 a - a +1 trident (weapon)
Missiles
 d - 3 throwing nets (quivered)
 h - 4 boomerangs
Armour
 b - a +0 leather armour (worn)
 c - a +0 helmet (worn)
 j - a +2 cloak (worn)
Scrolls
 e - 2 scrolls of remove curse
 i - a scroll of identify
 m - a scroll of teleportation {unknown}
 n - a scroll of blinking {unknown}
Potions
 k - a potion of curing
 l - a potion of agility
Comestibles
 f - 8 rations
 g - 3 chunks of flesh


   Skills:
 + Level 3.1 Fighting
 * Level 7.6 Polearms
 - Level 2.0 Throwing
 + Level 4.8 Dodging


You had 4 spell levels left.
You didn't know any spells.
Your spell library was empty.

Dungeon Overview and Level Annotations

Branches:
Dungeon (3/15)

Altars:


Message History

You closely miss something. Something hits you but does no damage.
The orc closely misses you.
You closely miss something. You hit something.
Reactivating autopickup.
You feel a bit more experienced. The orc misses you.
You hit the orc.
The orc is moderately wounded.
You closely miss the orc priest. The orc misses you.
The orc priest barely misses you.
You hit the orc priest.
The orc priest is lightly wounded.
The orc barely misses you. The orc priest misses you.
You barely miss the orc priest.
The orc priest is lightly wounded.
The orc hits you.
* * * LOW HITPOINT WARNING * * *
The orc priest invokes the aid of Beogh against you.
Beogh smites you!
You die...

######## #########
#.......
#.......########.######
#....@o...#.....#
######o##.#.##########
.oo.o...#..#...........
#########.##########...
#................# #...
#.###.#.#.######.# #...
#.#..<#.#......#.# #...
#.#...#.#......#'###...
#.#.....#..........#...


You could see an orc priest and an orc.

Vanquished Creatures
  An orc wizard (D:3)
  A worker ant (D:3)
  A gnoll (D:1)
  2 adders
  An ooze (D:2)
  A worm (D:3)
  3 leopard geckos
  4 orcs (D:3)
  3 giant cockroaches
  5 goblins
  6 hobgoblins
  9 jackals
  A quokka (D:3)
  2 ball pythons
  9 bats
  16 kobolds
  7 rats
72 creatures vanquished.

Notes
Turn   | Place    | Note
-------+----------+-------------------------------------------
     0 | D:1      | Dirofilaria the Merfolk Gladiator began the quest for the
                  | Orb.
     0 | D:1      | Reached XP level 1. HP: 16/16 MP: 1/1
    76 | D:1      | Reached skill level 5 in Polearms
    76 | D:1      | Reached XP level 2. HP: 13/22 MP: 2/2
   465 | D:1      | Reached skill level 6 in Polearms
   465 | D:1      | Reached XP level 3. HP: 27/27 MP: 3/3
  1140 | D:2      | Reached XP level 4. HP: 34/34 MP: 4/4
  1593 | D:3      | Reached skill level 7 in Polearms
  1782 | D:3      | Reached XP level 5. HP: 38/40 MP: 5/5
  2506 | D:3      | Killed from afar by an orc priest

Levels and vault maps discovered:
D:1:      tarquinn_simple_flora_water_c, layout_basic
D:2:      layout_basic, first_ration
D:3:      layout_basic

Skill      XL: |  1  2  3  4  5 |
---------------+----------------+-----
Polearms       | 5 6 7 |  7.6
Fighting       | 3 |  3.1
Throwing       | |  2.0
Dodging        | |  4.8

Action                   |  1- 3 |  4- 6 || total
-------------------------+-------+-------++-------
Melee: Trident           |   135 |   144 ||   279
  Use: Scroll            |       |     5 ||     5
 Stab: Sleeping          |     2 |     3 ||     5
  Eat: Chunk             |     1 |     1 ||     2
       Ration            |       |     1 ||     1
Armor: Leather armour    |    39 |    24 ||    63
Dodge: Dodged            |    89 |    91 ||   180

Table legend:
 A = Non-vault XP
 B = Vault XP
 C = Vault XP percentage of total XP
 D = Non-vault monster count
 E = Vault monster count
 F = Vault count percentage of total count
                 A         B        C        D         E       F
            +---------+---------+-------+---------+---------+-------
      Total |     246 |       0 |   0.0 |      72 |       0 |   0.0
            +---------+---------+-------+---------+---------+-------
        D:1 |      44 |       0 |   0.0 |      18 |       0 |   0.0
        D:2 |      67 |       0 |   0.0 |      29 |       0 |   0.0
        D:3 |     135 |       0 |   0.0 |      25 |       0 |   0.0
            +---------+---------+-------+---------+---------+-------
